 Dungeon Crawl Stone Soup version 0.31-a0-229-g1fc7ce93e2 (webtiles) character file.

Game seed: 136816353763228589

169 quinnr the Conjurer (level 5, -2/38 HPs)
             Began as a Draconian Conjurer on July 3, 2023.
             Slain by an ogre
             ... wielding a +0 giant club
              (21 damage)
             ... on level 4 of the Dungeon on July 6, 2023.
             The game lasted 00:09:59 (4171 turns).

quinnr the Conjurer (Draconian Conjurer)            Turns: 4171, Time: 00:10:00

Health: -2/38      AC:  5    Str:  9    XL:     5   Next: 25%
Magic:  10/10      EV: 12    Int: 21    God:
Gold:   168        SH:  0    Dex:  9    Spells: 7/11 levels left

rFire   . . .        (no weapon)
rCold   + . .        d - orb {light}
rNeg    . . .        (body armour unavailable)
rPois   .            (helmet restricted)
rElec   .            (no cloak)
rCorr   .            (no gloves)
SInv    .            (no boots)
Will    .....        f - amulet of magic regeneration
Stlth   +            C - ring of protection from cold
HPRegen 0.26/turn    (no ring)
MPRegen 0.52/turn

%: no passive effects
@: glowing
A: AC +5, unfitting armour, cold-blooded
a: no special abilities


You were on level 4 of the Dungeon.
You visited 1 branch of the dungeon, and saw 4 of its levels.

You collected 204 gold pieces.
You spent 36 gold pieces at shops.


Innate Abilities, Weirdness & Mutations

Your plain brown scales are hard. (AC +5)
You cannot fit into any form of body armour.
You are cold-blooded and may be slowed by cold attacks.


   Skills:
 - Level 1.7 Dodging
 - Level 1.7 Stealth
 + Level 3.6 Spellcasting
 + Level 5.2 Conjurations
 + Level 1.7 Ice Magic


You had 7 spell levels left.
You knew the following spells:

 Your Spells              Type           Power      Damage    Failure   Level
m - Magic Dart            Conj           100%       1d8       1%          1
X - Hailstorm             Conj/Ice       18%        3d6       9%          3

Your spell library contained the following spells:

 Spells                   Type           Power      Damage    Failure   Level
 Searing Ray              Conj           50%        2d6       2%          2
 Freeze                   Ice            40%        1d6       6%          1
 Dazzling Flash           Conj/Hex       28%        N/A       13%         3
 Frozen Ramparts          Ice            20%        1d4       19%         3
 Fulminant Prism          Conj/Hex       7%         3d7       38%         4
 Iskenderun's Mystic Bla  Conj/Tloc      14%        2d5       38%         4

Inventory:

Missiles
 b - 2 throwing nets {=f}
Armour
 d - an orb of light (worn)
 n - a +2 robe of resistance
Magical Staves
 h - a staff of poison {!a}
Jewellery
 f - an amulet of magic regeneration (around neck)
 C - a ring of protection from cold (left hand)
Scrolls
 c - 3 scrolls of identify {unknown}
 i - a scroll of enchant weapon {unknown}
 l - a scroll of poison {unknown}
 p - a scroll of fear {unknown}
Potions
 a - a potion of magic
 e - 2 potions of lignification {unknown}
 g - 3 potions of curing {@q1}
 j - a potion of cancellation {unknown}
 k - a potion of attraction {unknown}
 m - a potion of degeneration {unknown}
 o - 2 potions of heal wounds {unknown}

Dungeon Overview and Level Annotations

Branches:
Dungeon (4/15)
 Temple: D:4-7

Altars:
Cheibriados
Fedhas

Shops:
D:1

! ...........#
..###......## .
......##..##
............####
................##
............###...#
............#######
.............##
...........@..##
...........O...##
................##
..........##.⚑...#
.........###.....#
.......<## #.....##
........# #####..#
........# ####
....##..#


You could see an ogre.


Message History

Unknown command.
Unknown command.
Done exploring.
Done exploring.
Done exploring.
Done exploring.
Done exploring.
(D) Dungeon
Where to? (Enter - D:3, ? - help) Key pressed, stopping travel.
Unknown command.
(D) Dungeon
Where to? (Enter - D:4, ? - help)
There is a stone staircase leading down here.
You climb downwards.
The ogre hits you with a +0 giant club!!
Ouch! That really hurt!
* * * LOW HITPOINT WARNING * * *
There is a stone staircase leading up, spattered with blood here.
Unknown command.
Unknown command.
Unknown command.
Unknown command.
Okay, then.
Okay, then.
Unknown command.
The ogre attacks as you move away!
The ogre hits you with a +0 giant club!!
Ouch! That really hurt!
You die...

Skill      XL: |  1  2  3  4 |
---------------+-------------+-----
Spellcasting   | 3 |  3.6
Conjurations   | 5 |  5.2
Ice Magic      | 1 |  1.7
Dodging        | |  1.7
Stealth        | |  1.7

Action                     |  1- 3 |  4- 6 || total
---------------------------+-------+-------++-------
  Melee: Unarmed           |    21 |       ||    21
         Tailslap          |     3 |       ||     3
   Cast: Magic Dart        |   119 |    48 ||   167
         Hailstorm         |       |     2 ||     2
 Armour: Skin              |    15 |     3 ||    18
  Dodge: Dodged            |    34 |     6 ||    40

Levels and vault maps discovered:
D:1:      elethiomel_arrival_infinity_welcomes_careful_drivers,
          layout_loops_ring, serial_forest, infiniplex_forest_corner_2,
          infiniplex_forest_lined_2, infiniplex_forest_straight_5,
          infiniplex_forest_lined_corner,
          hellmonk_ecumenical_altar_pennies_from_heaven, serial_shops,
          nicolae_shop_industrial_runoff, minmay_heptomino_h4
D:2:      layout_basic, uniq_robin
D:3:      layout_basic, general_overflow_altar
D:4:      layout_cave_pods, cheibriados_altar_1, jmf_multi_god_temple2,
          gammafunk_temple_overflow_arena, st_stairs_13,
          kennysheep_generic_room_6

Notes
Turn   | Place    | Note
-------+----------+-------------------------------------------
     0 | D:1      | quinnr the Draconian Conjurer began the quest for the Orb.
     0 | D:1      | Reached XP level 1. HP: 14/14 MP: 3/3
   345 | D:1      | Reached XP level 2. HP: 20/20 MP: 1/5
   514 | D:1      | Found a faded altar of an unknown god.
   624 | D:1      | Upgraded the game from 0.31-a0-219-g8d62b2e7bb to
                  | 0.31-a0-229-g1fc7ce93e2
   932 | D:1      | Reached XP level 3. HP: 26/26 MP: 2/7
   943 | D:1      | Found Wusing's Distillery.
   949 | D:1      | Bought a potion of curing for 36 gold pieces
  1577 | D:2      | Reached skill level 3 in Spellcasting
  1621 | D:2      | Noticed Robin
  1799 | D:2      | Learned a level 3 spell: Hailstorm
  2023 | D:2      | Reached XP level 4. HP: 33/33 MP: 5/8
  2558 | D:3      | Identified a +2 robe of resistance
  2731 | D:4      | Found a snail-covered altar of Cheibriados.
  2747 | D:4      | Noticed a scorpion
  2760 | D:4      | Killed a scorpion
  2761 | D:4      | Reached skill level 5 in Conjurations
  2761 | D:4      | Reached skill level 1 in Ice Magic
  2761 | D:4      | Reached XP level 5. HP: 26/38 MP: 4/10
  2858 | D:4      | Noticed an ogre
  3006 | D:3      | Found a blossoming altar of Fedhas.
  3810 | D:2      | Killed Robin
  4171 | D:4      | Slain by an ogre

Vanquished Creatures
  A scorpion (D:4)
  Robin (D:2)
  An adder (D:2)
  2 worms (D:2)
  A dart slug (D:3)
  An orc (D:3)
  9 endoplasms
  A giant cockroach (D:1)
  16 goblins
  5 hobgoblins
  9 jackals
  10 kobolds
  2 quokkas (D:1)
  3 ball pythons
  9 bats
  A frilled lizard (D:2)
  5 rats
77 creatures vanquished.

Table legend: (Time is in decaauts)
 A = Elapsed time spent in this place.
 B = Non-inter-level travel time spent in this place.
 C = Inter-level travel time spent in this place.
 D = Time resting spent in this place.
 E = Time spent auto-exploring this place.
 F = Levels seen in this place.
 G = Mean time per level.
                   A        B        C        D        E       F      G
               +--------+--------+--------+--------+--------+-----+--------+
         Total |   4177 |   3926 |    251 |     48 |   3355 |   4 | 1044.2 |
       Dungeon |   4177 |   3926 |    251 |     48 |   3355 |   4 | 1044.2 |
               +--------+--------+--------+--------+--------+-----+--------+

Top non-repeatable levels by time:
     D:2: 1732 daAuts
     D:1: 1343 daAuts
     D:3: 956 daAuts
     D:4: 145 daAuts

Table legend:
 A = Non-vault XP
 B = Vault XP
 C = Vault XP percentage of total XP
 D = Non-vault monster count
 E = Vault monster count
 F = Vault count percentage of total count
                 A         B        C        D         E       F
            +---------+---------+-------+---------+---------+-------
      Total |     201 |      41 |  16.9 |      61 |      16 |  20.8
            +---------+---------+-------+---------+---------+-------
        D:1 |      46 |       5 |   9.8 |      29 |       3 |   9.4
        D:2 |      52 |      36 |  40.9 |      21 |      13 |  38.2
        D:3 |      18 |       0 |   0.0 |       9 |       0 |   0.0
        D:4 |      85 |       0 |   0.0 |       2 |       0 |   0.0
            +---------+---------+-------+---------+---------+-------

Levels and vault maps discovered:
D:1:      elethiomel_arrival_infinity_welcomes_careful_drivers,
          layout_loops_ring, serial_forest, infiniplex_forest_corner_2,
          infiniplex_forest_lined_2, infiniplex_forest_straight_5,
          infiniplex_forest_lined_corner,
          hellmonk_ecumenical_altar_pennies_from_heaven, serial_shops,
          nicolae_shop_industrial_runoff, minmay_heptomino_h4
D:2:      layout_basic, uniq_robin
D:3:      layout_basic, general_overflow_altar
D:4:      layout_cave_pods, cheibriados_altar_1, jmf_multi_god_temple2,
          gammafunk_temple_overflow_arena, st_stairs_13,
          kennysheep_generic_room_6
